 Dungeon Crawl Stone Soup version 0.24.0-125-gc4c63601f3 (webtiles) character file.

Game seed: 8586061562044516928, levelgen mode: deterministic

1577 Amplified the Charlatan (level 8, -1/72 HPs)
             Began as a Deep Dwarf Hunter on Mar 10, 2020.
             Was an Initiate of Makhleb.
             Slain by a water moccasin (4 damage)
             ... on level 7 of the Dungeon.
             The game lasted 00:12:02 (4679 turns).

Amplified the Charlatan (Deep Dwarf Hunter)         Turns: 4679, Time: 00:12:03

Health: -1/72      AC:  6    Str: 18    XL:     8   Next: 60%
Magic:  10/12      EV: 13    Int: 12    God:    Makhleb [......]
Gold:   167        SH:  5    Dex: 13    Spells: 7/7 levels left

rFire    + + .     SeeInvis .   n - +2 dagger (elec)
rCold    . . .     Gourm    .   i - +0 buckler
rNeg     . . .     Faith    .   t - +1 robe "Zuliowk" {+Inv rF++}
rPois    +         Spirit   .   j - +0 helmet
rElec    .         Reflect  .   s - +1 cloak {rPois}
rCorr    .         Harm     +   (no gloves)
MR       +....                  (no boots)
Stlth    ++........             l - amulet of harm
HPRegen  0.00/turn              (no ring)
MPRegen  0.13/turn              (no ring)

@: very slightly contaminated, non-regenerating, invisible
A: damage resistance, heal wounds, sense surroundings 1, no regeneration
a: Heal Wounds, Renounce Religion


You were on level 7 of the Dungeon.
You worshipped Makhleb.
Makhleb was noncommittal.
You were not hungry.

You visited 2 branches of the dungeon, and saw 8 of its levels.
You also visited: Ossuary.

You collected 433 gold pieces.
You spent 266 gold pieces at shops.

Inventory:

Hand Weapons
 a - a +1 hand crossbow
 b - a +0 short sword
 n - a +2 dagger of electrocution (weapon)
Missiles
 d - 13 bolts
 e - 10 poisoned darts (quivered)
Armour
 g - a +0 ring mail
 i - a +0 buckler (worn)
 j - a +0 helmet (worn)
 s - a +1 cloak of poison resistance (worn)
 t - the +1 robe "Zuliowk" (worn) {+Inv rF++}
   (You bought it in a shop on level 4 of the Dungeon)

   It greatly protects you from fire.
   It lets you turn invisible.
Jewellery
 l - an amulet of harm (around neck)
 q - an uncursed amulet of the gourmand
Scrolls
 m - a scroll of teleportation
 u - a scroll of vulnerability
 w - 3 scrolls of remove curse
 x - a scroll of identify
Potions
 p - a potion of haste
 r - a potion of brilliance
 v - a potion of flight
Comestibles
 f - 7 rations


   Skills:
 - Level 3.9 Fighting
 * Level 4.8 Short Blades
 - Level 5.8 Crossbows
 - Level 3.4 Dodging
 - Level 1.2 Stealth
 * Level 5.7 Shields
 * Level 6.4 Evocations


You had 7 spell levels left.
You didn't know any spells.
Your spell library was empty.

Dungeon Overview and Level Annotations

Branches:
Dungeon (7/15)             Temple (1/1) D:7         Ossuary (visited)

Altars:
Ashenzari
Cheibriados
Dithmenos
Elyvilon
Fedhas
Gozag
Hepliaklqana
Kikubaaqudgha
Makhleb
Nemelex Xobeh
Okawaru
Qazlal
Ru
Trog
Uskayaw
Vehumet
Wu Jian
Xom
Yredelemnul
Zin
The Shining One

Shops:
D:4 *(*=[


Innate Abilities, Weirdness & Mutations

You are resistant to damage.
You can heal yourself by infusing magical energy.
You passively map a small area around you.
You do not regenerate.


Message History

The poisoned dart misses the water moccasin.
Unknown command.
Throwing (i - inventory)
e - 12 poisoned darts (quivered)
Press: ? - help, Shift-Dir - straight line, f/p - water moccasin
Aim: a water moccasin You throw a poisoned dart.
The poisoned dart hits the water moccasin.
Unknown command.
Throwing (i - inventory)
e - 11 poisoned darts (quivered)
Press: ? - help, Shift-Dir - straight line, f/p - water moccasin
Aim: a water moccasin You throw a poisoned dart.
The poisoned dart hits the water moccasin.
The water moccasin bites you!
* * * LOW HITPOINT WARNING * * *
Unknown command.
You hit the water moccasin.
The water moccasin is lightly wounded.
The water moccasin bites you.
You die...

****,* ******* #.#
*,,,,* #.# *,**** #.#
*,* ##########.# *,*
##***#...,,..##.#
*,*****..,*#..#**#.##.#
*,,,,(..#.##..####.##.#
******#..((S..........#
*****#@.####.####
#..####.# #.......#
#########


You could see a water moccasin.

Vanquished Creatures
  An ice beast (D:7)
  A phantom (D:4)
  A sky beast (D:7)
  A centaur (D:6)
  3 elf zombies (Ossuary)
  A big kobold (D:5)
  2 bullfrogs
  A scorpion (D:7)
  3 centaur zombies (Ossuary)
  2 quasits
  2 hounds
  A human zombie (Ossuary)
  A gnoll shaman (D:7)
  5 worker ants
  A big kobold zombie (Ossuary)
  A hound zombie (Ossuary)
  A hound skeleton (D:7)
  3 mummies (Ossuary)
  A worker ant zombie (D:5)
  Robin (D:2)
  5 gnolls
  10 adders
  2 adder zombies (Ossuary)
  A dart slug (D:3)
  4 leopard geckos
  2 orcs
  A ball python (D:6)
  8 bats
  3 giant cockroaches (D:1)
  2 gnoll zombies (Ossuary)
  10 goblins
  12 hobgoblins
  17 jackals
  3 quokkas
  3 frilled lizards
  5 goblin zombies (Ossuary)
  3 hobgoblin zombies (Ossuary)
  6 jackal zombies (Ossuary)
  15 kobolds
  5 kobold zombies (Ossuary)
  2 orc zombies (Ossuary)
  A quokka skeleton (D:4)
  A quokka zombie (Ossuary)
  7 rats
  3 rat zombies (Ossuary)
164 creatures vanquished.

Notes
Turn   | Place    | Note
-------+----------+-------------------------------------------
     0 | D:1      | Amplified the Deep Dwarf Hunter began the quest for the
                  | Orb.
     0 | D:1      | Reached XP level 1. HP: 19/19 MP: 1/1
    89 | D:1      | Reached XP level 2. HP: 26/26 MP: 2/2
   285 | D:1      | Reached XP level 3. HP: 33/33 MP: 3/3
   931 | D:2      | Reached skill level 5 in Crossbows
  1179 | D:2      | Noticed a bullfrog
  1189 | D:2      | Killed a bullfrog
  1189 | D:2      | Reached XP level 4. HP: 40/42 MP: 4/4
  1253 | D:2      | Reached XP level 5. HP: 45/49 MP: 5/5
  1436 | D:2      | Noticed Robin
  1448 | D:2      | Killed Robin
  2062 | D:3      | Reached skill level 1 in Shields
  2081 | D:3      | Reached skill level 1 in Short Blades
  2304 | D:3      | Reached XP level 6. HP: 37/57 MP: 6/6
  2433 | D:4      | Found Juppel's Antique Armour Emporium.
  2445 | D:4      | Bought an embroidered cloak for 142 gold pieces
  2471 | D:4      | Bought a dull robe for 108 gold pieces
  2481 | D:4      | Identified the +1 robe "Zuliowk" {+Inv rF++} (You bought it
                  | in a shop on level 4 of the Dungeon)
  2490 | D:4      | Found a sand-covered staircase.
  2514 | D:4      | Found Korerafo's Jewellery Emporium.
  2531 | D:4      | Found Jeafaoff's Assorted Antiques.
  2540 | D:4      | Bought a scroll labeled NEROMU LONUO for 16 gold pieces
  2555 | D:4      | Found Qatoph's Weapon Emporium.
  2564 | D:4      | Found Keshragg's General Store.
  2687 | D:4      | Reached skill level 1 in Evocations
  2704 | Ossuary  | Entered an ossuary
  2793 | Ossuary  | Reached skill level 2 in Evocations
  2853 | Ossuary  | Reached XP level 7. HP: 21/63 MP: 8/8
  2933 | Ossuary  | Reached skill level 3 in Evocations
  3103 | Ossuary  | Reached skill level 4 in Evocations
  3508 | D:5      | Entered Level 5 of the Dungeon
  3766 | D:5      | Reached XP level 8. HP: 32/72 MP: 11/11
  3925 | D:5      | Reached skill level 5 in Evocations
  4158 | D:6      | Reached skill level 5 in Shields
  4186 | D:7      | Found a staircase to the Ecumenical Temple.
  4194 | Temple   | Entered the Ecumenical Temple
  4389 | Temple   | Became a worshipper of Makhleb the Destroyer
  4463 | D:7      | Reached skill level 6 in Evocations
  4587 | D:7      | Identified the cursed +0 quarterstaff of the Sage {holy,
                  | +Inv Str-3 Dex+7 Stlth-}
  4678 | D:7      | HP: 3/72 [water moccasin (7)]
  4679 | D:7      | Slain by a water moccasin

Levels and vault maps discovered:
D:1:      scummos_arrival_star, layout_basic, chequers_serial_rivers_micro_c,
          st_stairs_11
D:2:      layout_loops_corners, uniq_robin
D:3:      wander_river, layout_loops_ring, serial_glass, glass_columns_b,
          glass_columns_a, item_on_display_a, minmay_strange_pillars,
          due_unseen_surprise, minmay_strange_pillars, small_statue_intersection
D:4:      layout_basic, serial_shops, nicolae_shop_stone,
          nicolae_shop_statue_plus, nicolae_shop_waterfront, shop,
          nicolae_shop_competitors_out_of_business,
          lightli_ossuary_entry_decrepit_ruins
D:5:      layout_gridville, first_ration, grunt_ministairs_2,
          kennysheep_generic_room_5
D:6:      layout_loops_cross
D:7:      layout_loops_cross, minmay_temple_entry_glassed_door
Temple:   minmay_crystal_snake_temple

Skill      XL: |  1  2  3  4  5  6  7  8 |
---------------+-------------------------+-----
Fighting       | 2 3 |  3.9
Crossbows      | 5 |  5.8
Dodging        | 3 |  3.4
Shields        | 1 2 4 5 |  5.7
Short Blades   | 1 2 3 4 |  4.8
Evocations     | 2 4 6 |  6.4
Stealth        | |  1.2

Action                   |  1- 3 |  4- 6 |  7- 9 || total
-------------------------+-------+-------+-------++-------
Melee: Dagger            |    35 |   191 |   211 ||   437
       Short sword       |    23 |       |       ||    23
 Fire: Hand crossbow     |    45 |       |       ||    45
Throw: Dart              |       |       |     4 ||     4
 Abil: Evoke Invisibilit |       |     2 |     5 ||     7
  Use: Scroll            |     6 |     3 |     9 ||    18
       Potion            |     3 |     5 |     7 ||    15
 Stab: Invisible         |     1 |     6 |     3 ||    10
       Sleeping          |       |     1 |     9 ||    10
  Eat: Chunk             |       |     5 |     1 ||     6
       Ration            |       |     1 |     2 ||     3
Armor: Ring mail         |    32 |    27 |       ||    59
       Robe              |       |    26 |    26 ||    52
Dodge: Dodged            |    42 |   123 |    88 ||   253
Block: Buckler           |       |    28 |    42 ||    70
